 Dungeon Crawl Stone Soup version 0.26-a0-812-g31a745ddcd (webtiles) character file.

Game seed: 17207792092896585411

8494 kae the Transmogrifier (level 11, -6/72 HPs)
             Began as a Tengu Transmuter on Nov 19, 2020.
             Was a Believer of Hepliaklqana.
             Mangled by Snorg (17 damage)
             ... on level 11 of the Dungeon.
             The game lasted 00:10:47 (14724 turns).

kae the Transmogrifier (Tengu Transmuter)          Turns: 14724, Time: 00:10:47

Health: -6/72      AC:  6    Str: 14    XL:     11   Next: 31%
Magic:  13/16      EV: 16    Int: 14    God:    Hepliaklqana [**....]
Gold:   631        SH:  0    Dex: 10    Spells: 3/16 levels left

rFire    + + .     SeeInvis .     - Unarmed
rCold    + + +     Faith    .   (shield currently unavailable)
rNeg     + . .     Spirit   .   (armour currently unavailable)
rPois    +         Reflect  .   (helmet currently unavailable)
rElec    +         Harm     .   (cloak currently unavailable)
rCorr    .         Rampage  .   (gloves currently unavailable)
MR       .....                  (boots unavailable)
Stlth    +.........             n - amulet of the acrobat
HPRegen  0.22/turn              i - ring "Pejoq" {Wiz rElec rPois rF++ rN+ Dex-4}
MPRegen  0.15/turn              c - ring of protection from fire

@: lethally poisoned (-6 -> -12), ice-form, flying quickly and evasively, quick
A: large, reduced essence, able to fly
a: Stop Flying, End Transformation, Recall Ancestor, Ancestor Identity, Renounce
Religion


You were on level 11 of the Dungeon.
You worshipped Hepliaklqana.
Hepliaklqana was pleased with you.
You were a creature of crystalline ice.
You visited 2 branches of the dungeon, and saw 12 of its levels.

You collected 631 gold pieces.

Inventory:

Armour
 a - a +1 robe (melded)
 B - a scarf of resistance (melded)
Jewellery
 c - a ring of protection from fire (right front paw)
 i - the ring "Pejoq" (left front paw) {Wiz rElec rPois rF++ rN+ Dex-4}
   (You found it on level 4 of the Dungeon)

   [ring of wizardry]

   It improves your spell success rate.
   It affects your dexterity (-4).
   It greatly protects you from fire.
   It insulates you from electricity.
   It protects you from poison.
   It protects you from negative energy.
 n - an amulet of the acrobat (around neck)
 s - an uncursed ring of protection from cold {unknown}
 t - an uncursed ring of poison resistance {unknown}
 y - an uncursed amulet of reflection {unknown}
Wands
 p - a wand of polymorph (3)
 v - a wand of random effects (21)
Scrolls
 h - 5 scrolls of remove curse
 j - 7 scrolls of teleportation
 m - 3 scrolls of magic mapping
 o - 2 scrolls of amnesia
 q - 3 scrolls of enchant armour
 r - a scroll of identify
 x - a scroll of enchant weapon {unknown}
 z - a scroll of acquirement {unknown}
 A - a scroll of vulnerability {unknown}
 C - 4 scrolls of summoning {unknown}
Potions
 b - a potion of invisibility
 d - a potion of cancellation
 e - 5 potions of curing
 f - a potion of brilliance {unknown}
 g - 3 potions of ambrosia {unknown}
 k - 3 potions of heal wounds {unknown}
 l - 2 potions of lignification
 u - 3 potions of attraction {unknown}
 w - a potion of haste {unknown}


   Skills:
 + Level 7.5 Fighting
 + Level 8.4 Dodging
 + Level 8.8 Unarmed Combat
 - Level 3.0 Spellcasting
 * Level 9.1 Transmutations
 + Level 1.6 Ice Magic
 - Level 3.0 Poison Magic


You had 3 spell levels left.
You knew the following spells:

 Your Spells              Type           Power        Failure   Level
a - Beastly Appendage     Tmut           ####..       1%          1
b - Spider Form           Tmut/Pois      ###.......   2%          3
c - Blade Hands           Tmut           ####......   6%          5
d - Ice Form              Ice/Tmut       ###.....     10%         4

Your spell library contained the following spells:

 Spells                   Type           Power        Failure   Level
 Wereblood                Tmut           ####....     1%          2
 Animate Skeleton         Necr           #.....       9%          1
 Apportation              Tloc           #.....       9%          1
 Corona                   Hex            #......      9%          1
 Summon Small Mammal      Summ           #...         9%          1


Dungeon Overview and Level Annotations

Branches:
Dungeon (11/15)            Temple (1/1) D:7            Lair (0/6) D:9
    Orc (0/2) D:11

Altars:
Ashenzari
Cheibriados
Dithmenos
Elyvilon
Fedhas
Gozag
Hepliaklqana
Kikubaaqudgha
Makhleb
Nemelex Xobeh
Okawaru
Qazlal
Ru
Sif Muna
Trog
Uskayaw
Vehumet
Wu Jian
Xom
Yredelemnul
Zin
The Shining One

Annotations:
D:5 1 runed translucent door, Enish's ghost, weakling OpDe
D:7 1 runed translucent door, Danir's ghost, novice DsFi
D:11 Snorg


Innate Abilities, Weirdness & Mutations

((You have a beak for a mouth.))
((You have claws for feet.))
You can fly continuously.
Your life essence is reduced to manifest your ancestor. (-10% HP)


Message History

The killer bee completely misses you.
You are too injured to fight recklessly!
You are too injured to fight recklessly!
You are too injured to fight recklessly!
You are too injured to fight recklessly!
You pummel Snorg!! You freeze Snorg!
Snorg is heavily wounded.
You feel sick. Snorg barely misses you. Snorg claws you!
Snorg completely misses you. The killer bee closely misses you.
The worker ant bites you but does no damage.
You pummel Snorg!! You freeze Snorg.
Snorg is severely wounded.
The killer bee stings you. Snorg bites you!
* * * LOW HITPOINT WARNING * * *
Snorg claws you but does no damage. Snorg closely misses you.
The worker ant bites you.
* * * LOW HITPOINT WARNING * * *
You are more poisoned.
The worker ant poisons you! The killer bee barely misses you. Snorg bites you!
You die...

#........
######.........#....#
####...................#
..................9....#
.........8...>...8.....#
......................
####)R##........ZZ..
####..#.#......TBy#
#.....#.#.......Y.#
#.....#.#.........#
#.....#.#....8....#
#.....#.####...####
'.....#.....'†...#
#######.....#...##
...........##...#
........... ....#
...........#....#


You could see Snorg (berserk, drained), a gargoyle, a worker ant, a killer bee,
a goblin zombie and an ogre zombie.

Vanquished Creatures
  3 two-headed ogres
  A gargoyle (D:11)
  A troll (D:9)
  2 shadows (D:11)
  A wyvern (D:10)
  4 yaks (D:9)
  A basilisk (D:11)
  2 ice beasts
  3 sky beasts
  2 necrophages
  4 phantoms
  A black bear (D:9)
  2 centaurs
  3 ogres
  A big kobold (D:7)
  5 bullfrogs
  2 gnoll sergeants (D:8)
  A wyvern skeleton (D:7)
  3 scorpions
  9 killer bees
  10 wights
  12 howler monkeys
  3 quasits
  3 hounds
  2 orc priests
  2 centaur skeletons
  2 jellies
  2 bullfrog skeletons (D:11)
  Jessica (D:2)
  4 iguanas
  5 orc wizards
  4 worker ants
  A killer bee zombie (D:8)
  4 ogre zombies (D:11)
  2 hound zombies
  A worker ant zombie (D:8)
  4 gnolls (D:7)
  12 adders
  3 white imps
  3 ufetubi
  An ooze (D:2)
  An adder zombie (D:5)
  2 adder skeletons
  6 worms
  3 dart slugs
  12 leopard geckos
  20 orcs
  8 bats
  7 giant cockroaches
  7 goblins
  3 hobgoblins
  14 jackals
  2 quokkas
  5 ball pythons
  3 frilled lizards
  A goblin skeleton (D:11)
  2 goblin zombies (D:11)
  A hobgoblin skeleton (D:11)
  2 hobgoblin zombies (D:11)
  A jackal skeleton (D:4)
  10 kobolds
  2 leopard gecko skeletons
  A leopard gecko zombie (D:5)
  2 orc skeletons (D:11)
  9 orc zombies (D:11)
  9 rats
265 creatures vanquished.

Vanquished Creatures (collateral kills)
  A centaur (D:9)
  Blork the orc (D:8)
  3 wights
  A bullfrog zombie (D:9)
  An orc priest (D:11)
  A bullfrog skeleton (D:8)
  A worker ant zombie (D:9)
  An adder (D:8)
  3 orcs (D:10)
  A quokka (D:8)
  An orc zombie (D:11)
15 creatures vanquished.

Vanquished Creatures (others)
  A wight (D:6)
  2 hexers (D:11)
  5 ancestors
8 creatures vanquished.

Grand Total: 288 creatures vanquished

Notes
Turn   | Place    | Note
-------+----------+-------------------------------------------
     0 | D:1      | kae the Tengu Transmuter began the quest for the Orb.
     0 | D:1      | Reached XP level 1. HP: 12/12 MP: 4/4
   285 | D:1      | Reached XP level 2. HP: 16/16 MP: 4/6
   745 | D:1      | Reached skill level 2 in Transmutations
  1078 | D:1      | Reached XP level 3. HP: 20/20 MP: 7/7
  1083 | D:1      | Learned a level 3 spell: Spider Form
  1816 | D:2      | Noticed Jessica
  1834 | D:2      | Killed Jessica
  1834 | D:2      | Reached skill level 1 in Poison Magic
  1834 | D:2      | Reached XP level 4. HP: 12/26 MP: 2/8
  2748 | D:3      | Gained mutation: You can fly continuously. [Tengu growth]
  2748 | D:3      | Reached XP level 5. HP: 28/30 MP: 9/9
  3270 | D:3      | Found a glowing silver altar of Zin.
  3270 | D:3      | Found a sparkling altar of Nemelex Xobeh.
  3384 | D:3      | Found an ornate altar of the Wu Jian Council.
  3991 | D:4      | Got a shimmering lapis lazuli ring
  4311 | D:4      | Reached XP level 6. HP: 25/35 MP: 6/11
  4489 | D:4      | Reached skill level 3 in Transmutations
  4668 | D:4      | Found a sacrificial altar of Ru.
  4772 | D:4      | Reached XP level 7. HP: 29/40 MP: 12/12
  4776 | D:3      | Found a bloodstained altar of Trog.
  4776 | D:3      | Found a glowing golden altar of the Shining One.
  4776 | D:3      | Found a hide-covered altar of Uskayaw.
  5047 | D:5      | Entered Level 5 of the Dungeon
  5423 | D:5      | Found a runed translucent door.
  5423 | D:5      | Noticed Enish's ghost (weakling OpDe)
  6045 | D:6      | Reached skill level 4 in Transmutations
  6055 | D:6      | Reached skill level 5 in Unarmed Combat
  6087 | D:6      | Reached XP level 8. HP: 34/46 MP: 6/13
  7169 | D:6      | Reached skill level 5 in Transmutations
  7268 | D:6      | Reached skill level 5 in Dodging
  7700 | D:6      | Found a shimmering blue altar of Sif Muna.
  7867 | D:7      | Reached XP level 9. HP: 23/52 MP: 11/14
  8176 | D:7      | Learned a level 5 spell: Blade Hands
  8181 | D:7      | Learned a level 4 spell: Ice Form
  8403 | D:7      | Reached skill level 6 in Transmutations
  8408 | D:7      | Reached skill level 5 in Fighting
  8646 | D:7      | Identified the ring "Pejoq" {Wiz rElec rPois rF++ rN+
                  | Dex-4} (You found it on level 4 of the Dungeon)
  8803 | D:7      | Found a staircase to the Ecumenical Temple.
  8832 | Temple   | Entered the Ecumenical Temple
  9062 | D:7      | Found a runed translucent door.
  9074 | D:7      | Noticed Danir's ghost (novice DsFi)
  9410 | D:8      | Found a hazy altar of Hepliaklqana.
  9410 | D:8      | Found a stormy altar of Qazlal.
  9433 | D:8      | Became a worshipper of Hepliaklqana the Forgotten
  9562 | D:8      | Noticed Blork the orc
  9570 | D:8      | Killed Blork the orc
  9718 | D:8      | Reached skill level 7 in Transmutations
 10022 | D:8      | Noticed a two-headed ogre
 10023 | D:8      | Noticed a two-headed ogre
 10174 | D:8      | Killed a two-headed ogre
 10174 | D:8      | Reached XP level 10. HP: 54/54 MP: 12/15
 10611 | D:8      | Killed a two-headed ogre
 10849 | D:9      | Found a shimmering altar of Xom.
 10851 | D:9      | Found a shimmering altar of Xom.
 10851 | D:9      | Found a shimmering altar of Xom.
 10876 | D:9      | Found a shimmering altar of Xom.
 10877 | D:9      | Found a shimmering altar of Xom.
 10877 | D:9      | Found a shimmering altar of Xom.
 10922 | D:9      | Found an opulent altar of Gozag.
 10967 | D:9      | Reached * piety under Hepliaklqana
 11286 | D:9      | Reached skill level 8 in Transmutations
 11305 | D:9      | Found a staircase to the Lair.
 12119 | D:9      | Noticed a two-headed ogre
 12143 | D:9      | Killed a two-headed ogre
 12143 | D:9      | Reached XP level 11. HP: 26/60 MP: 14/16
 12583 | D:10     | Entered Level 10 of the Dungeon
 12640 | D:10     | Reached ** piety under Hepliaklqana
 12661 | D:10     | Remembered your ancestor Msizi as a hexer
 13224 | D:10     | Reached skill level 1 in Ice Magic
 14002 | D:11     | Noticed a death knight
 14305 | D:11     | Found a staircase to the Orcish Mines.
 14313 | D:11     | Reached skill level 9 in Transmutations
 14709 | D:11     | Noticed Snorg
 14724 | D:11     | Mangled by Snorg

Illustrated notes

Levels and vault maps discovered:
D:1:      minmay_arrival_floating_metal, layout_loops_ring, hex_medium,
          moated_statue, kennysheep_flooded_box
D:2:      kennysheep_big_flooded_room, layout_basic, uniq_jessica
D:3:      layout_basic, overflow_temple_1_default,
          nicolae_overflow_hidden_temple
D:4:      layout_basic, nicolae_ru_great_annihilating_truth
D:5:      layout_loops_cross, hellmonk_ghost_happy_afterlife
D:6:      layout_loops_corners, lemuel_blue_sif_altar
D:7:      layout_basic, minmay_temple_entry_crystal_x,
          ebering_ghost_reflecting_pool
D:8:      layout_basic, grunt_temple_overflow_open, sword_in_stone
D:9:      layout_stronghold, xom_redecorated, lemuel_round_altar
D:10:     layout_basic
D:11:     layout_gridville, zombieorc2_lemuel, uniq_snorg
Temple:   zaba_magenta_temple

Skill      XL: |  1  2  3  4  5  6  7  8  9 10 11 |
---------------+----------------------------------+-----
Transmutations | 2 3 4 5 7 8 9 |  9.1
Poison Magic   | 1 2 3 |  3.0
Dodging        | 3 4 5 7 8 |  8.4
Fighting       | 2 3 4 6 7 |  7.5
Unarmed Combat | 4 5 6 7 8 |  8.8
Spellcasting   | 3 |  3.0
Ice Magic      | 1 |  1.6

Action                   |  1- 3 |  4- 6 |  7- 9 | 10-12 || total
-------------------------+-------+-------+-------+-------++-------
Melee: Unarmed           |    89 |   149 |   373 |   252 ||   863
       Kick              |    21 |    17 |    27 |     5 ||    70
       Headbutt          |     9 |     4 |     7 |       ||    20
       Peck              |     9 |     7 |    14 |     2 ||    32
       Punch             |       |     2 |     2 |       ||     4
 Cast: Beastly Appendage |    19 |    13 |     6 |       ||    38
       Spider Form       |     1 |    10 |    44 |    20 ||    75
       Ice Form          |       |       |       |    17 ||    17
Invok: Recall Ancestor   |       |       |       |     3 ||     3
       Ancestor Life: He |       |       |       |     1 ||     1
 Abil: Fly               |       |     1 |       |       ||     1
Evoke: Wand              |       |       |    10 |    11 ||    21
  Use: Scroll            |       |     6 |     8 |       ||    14
       Potion            |       |       |     3 |       ||     3
 Stab: Sleeping          |       |     2 |       |       ||     2
       Paralysed         |       |     2 |     9 |       ||    11
       Distracted        |       |       |     1 |     2 ||     3
       Confused          |       |       |       |     2 ||     2
Armor: Robe              |    13 |    17 |    13 |     1 ||    44
       Skin              |       |     1 |     8 |    19 ||    28
Dodge: Dodged            |    72 |   104 |   386 |   232 ||   794

Table legend: (Time is in decaauts)
 A = Elapsed time spent in this place.
 B = Non-inter-level travel time spent in this place.
 C = Inter-level travel time spent in this place.
 D = Time resting spent in this place.
 E = Time spent auto-exploring this place.
 F = Levels seen in this place.
 G = Mean time per level.
                   A        B        C        D        E       F      G
               +--------+--------+--------+--------+--------+-----+--------+
         Total |  14073 |  13660 |    413 |   1148 |  10475 |  12 | 1172.8 |
       Dungeon |  13953 |  13558 |    395 |   1148 |  10374 |  11 | 1268.5 |
        Temple |    119 |    102 |     17 |      0 |    101 |   1 |  119.0 |
               +--------+--------+--------+--------+--------+-----+--------+

Top non-repeatable levels by time:
     D:6: 1784 daAuts
     D:9: 1705 daAuts
    D:10: 1588 daAuts
     D:1: 1471 daAuts
     D:8: 1325 daAuts
     D:7: 1323 daAuts
     D:3: 1316 daAuts
     D:4: 1156 daAuts
     D:2: 1108 daAuts
     D:5: 738 daAuts
    D:11: 436 daAuts
  Temple: 119 daAuts
